EVO
UNIVERSITY OF SOUTH CAROLINA GAMECOCKS @ UCLA BRUINS
09/05/2044
 
TOP OF THE 1ST
University of South Carolina Gamecocks batting - Pitching for UCLA Bruins : RHP Justin Swenson
Pitching: RHP Justin Swenson
Batting: SHB Willie Medina 0-0: Fly out, F5 (Popup, 25, EV 86.3 MPH)
Batting: RHB Mike McElroy 0-0: Ball
1-0: Foul Ball, location: 2F
1-1: Ball
2-1: Swinging Strike
2-2: Strikes out swinging
Batting: RHB Kevin Harris 0-0: Ball
1-0: Ball
2-0: Ball
3-0: Called Strike
3-1: Called Strike
3-2: SINGLE (Line Drive, 4D, EV 95.6 MPH)
Batting: SHB Isaiah Scates 0-0: Ball
1-0: Foul Ball, location: 2F
1-1: Called Strike
1-2: Foul Ball, location: 2F
1-2: Foul Ball, location: 2F
1-2: Foul Ball, location: 2F
1-2: Fly out, F7 (Flyball, 78M, EV 81.3 MPH)
Top of the 1st over - 0 runs, 1 hit, 0 errors, 1 left on base; University of South Carolina 0 - UCLA 0
BOTTOM OF THE 1ST
UCLA Bruins batting - Pitching for University of South Carolina Gamecocks : RHP Angus Brear
Pitching: RHP Angus Brear
Batting: SHB Jay Gagnon 0-0: Ball
1-0: Called Strike
1-1: Ball
2-1: Swinging Strike
2-2: Ball
3-2: Ground out 6-3 (Groundball, 6, EV 89.4 MPH)
Batting: RHB Robby Hickman 0-0: Called Strike
0-1: Ball
1-1: Ball
2-1: Swinging Strike
2-2: Ball
3-2: Foul Ball, location: 2F
3-2: Fly out, F9 (Flyball, 9LS, EV 92.5 MPH)
Batting: LHB Chris Jackson 0-0: Ground out 4-3 (Groundball, 4S, EV 88.8 MPH)
Bottom of the 1st over - 0 runs, 0 hits, 0 errors, 0 left on base; University of South Carolina 0 - UCLA 0
TOP OF THE 2ND
University of South Carolina Gamecocks batting - Pitching for UCLA Bruins : RHP Justin Swenson
Batting: RHB Dave Perron 0-0: Ball
1-0: Called Strike
1-1: Ball
2-1: Foul Ball, location: 2F
2-2: Ball
3-2: SOLO HOME RUN (Flyball, 78XD, EV 104.4 MPH), Distance : 411 ft
Batting: RHB Drew Coleman 0-0: Foul Ball, location: 2F
0-1: Ball
1-1: SINGLE (Groundball, 6MS, EV 74.4 MPH) (infield hit)
Batting: RHB Adam Bourg 0-0: Ball
1-0: DOUBLE (Line Drive, 7LS, EV 107.5 MPH)
Drew Coleman to third
Batting: RHB Chris Arroyo 0-0: Foul Ball, location: 2F
0-1: Ball
1-1: Ball
2-1: Ball
3-1: Called Strike
3-2: Foul Ball, location: 2F
3-2: Foul Ball, location: 2F
3-2: Base on Balls
Batting: SHB Carlos Carrillo 0-0: Swinging Strike
0-1: Swinging Strike
0-2: Foul Ball, location: 2F
0-2: Ball
1-2: Ball
2-2: Ball
3-2: Grounds into double play, 3-6-1 (Groundball, 3, EV 108.8 MPH)
Drew Coleman scores
Adam Bourg to third
Batting: SHB Willie Medina 0-0: Ball
1-0: Swinging Strike
1-1: Ball
2-1: Foul Ball, location: 2F
2-2: Strikes out swinging
Top of the 2nd over - 2 runs, 3 hits, 0 errors, 1 left on base; University of South Carolina 2 - UCLA 0
BOTTOM OF THE 2ND
UCLA Bruins batting - Pitching for University of South Carolina Gamecocks : RHP Angus Brear
Batting: RHB Leo Gonzalez 0-0: Ball
1-0: Foul Ball, location: 2F
1-1: Foul Ball, location: 2F
1-2: Ground out 3-1 (Groundball, 34, EV 88.1 MPH)
Batting: RHB German Quiroga 0-0: Ball
1-0: Called Strike
1-1: Ball
2-1: Reached on error, E4 (Groundball, 4, EV 107.5 MPH)
Batting: RHB Steve Errico 0-0: Grounds into double play, 6-4-3 (Groundball, 6S, EV 93.8 MPH)
Bottom of the 2nd over - 0 runs, 0 hits, 1 error, 0 left on base; University of South Carolina 2 - UCLA 0
TOP OF THE 3RD
University of South Carolina Gamecocks batting - Pitching for UCLA Bruins : RHP Justin Swenson
Batting: RHB Mike McElroy 0-0: Ball
1-0: Ball
2-0: Ground out 4-3 (Groundball, 4M, EV 88.1 MPH)
Batting: RHB Kevin Harris 0-0: Called Strike
0-1: Ball
1-1: SINGLE (Line Drive, 9S, EV 90.0 MPH)
Batting: SHB Isaiah Scates 0-0: Called Strike
0-1: Ball
1-1: Ball
2-1: Called Strike
2-2: Ball
3-2: Fly out, F7 (Flyball, 7S, EV 91.3 MPH)
Batting: RHB Dave Perron 0-0: Ball
1-0: Swinging Strike
1-1: Called Strike
1-2: Ball
2-2: Foul Ball, location: 2F
2-2: Ball
3-2: Strikes out swinging
Top of the 3rd over - 0 runs, 1 hit, 0 errors, 1 left on base; University of South Carolina 2 - UCLA 0
BOTTOM OF THE 3RD
UCLA Bruins batting - Pitching for University of South Carolina Gamecocks : RHP Angus Brear
Batting: RHB Rusty Trader 0-0: Ball
1-0: Ball
2-0: Called Strike
2-1: Ground out 6-3 (Groundball, 6S, EV 68.8 MPH)
Batting: RHB Eddie Serna 0-0: Fly out, F9 (Line Drive, 9, EV 93.1 MPH)
Batting: LHB Newt Peper 0-0: Ball
1-0: Foul Ball, location: 2F
1-1: Called Strike
1-2: Fly out, F7 (Flyball, 7S, EV 93.1 MPH)
Bottom of the 3rd over - 0 runs, 0 hits, 0 errors, 0 left on base; University of South Carolina 2 - UCLA 0
TOP OF THE 4TH
University of South Carolina Gamecocks batting - Pitching for UCLA Bruins : RHP Justin Swenson
Batting: RHB Drew Coleman 0-0: Ball
1-0: Ball
2-0: Ball
3-0: Called Strike
3-1: Base on Balls
Batting: RHB Adam Bourg 0-0: Called Strike
0-1: Called Strike
Drew Coleman is caught stealing 2nd base 2-4
0-2: Ground out 4-3 (Groundball, 4M, EV 79.4 MPH)
Batting: RHB Chris Arroyo 0-0: Ground out 4-3 (Groundball, 4, EV 106.9 MPH)
Top of the 4th over - 0 runs, 0 hits, 0 errors, 0 left on base; University of South Carolina 2 - UCLA 0
BOTTOM OF THE 4TH
UCLA Bruins batting - Pitching for University of South Carolina Gamecocks : RHP Angus Brear
Batting: SHB Jay Gagnon 0-0: Foul Ball, location: 2F
0-1: Ball
1-1: Ball
2-1: Ball
3-1: Called Strike
3-2: Foul Ball, location: 2F
3-2: DOUBLE (Line Drive, 89XD, EV 105.6 MPH)
Batting: RHB Robby Hickman 0-0: Foul Ball, location: 2F
0-1: Foul Ball, location: 2F
0-2: Ball
1-2: SINGLE (Line Drive, 8RS, EV 96.9 MPH)
Jay Gagnon to third
Runner from 3rd tries for Home, SAFE, throw by CF to home
Batting: LHB Chris Jackson 0-0: Foul Ball, location: 2F
0-1: Called Strike
0-2: Ball
1-2: Strikes out looking
Batting: RHB Leo Gonzalez 0-0: Ball
1-0: Ball
2-0: Called Strike
2-1: Swinging Strike
2-2: Ball
3-2: Base on Balls
Robby Hickman to second
Batting: RHB German Quiroga 0-0: Called Strike
0-1: Fly out, F7 (Line Drive, 78M, EV 104.4 MPH)
Batting: RHB Steve Errico 0-0: Foul Ball, location: 2F
0-1: Called Strike
0-2: Ball
1-2: Ball
2-2: Fielders Choice at 2nd, U4 (Groundball, 4M, EV 89.4 MPH)
Bottom of the 4th over - 1 run, 2 hits, 0 errors, 2 left on base; University of South Carolina 2 - UCLA 1
TOP OF THE 5TH
University of South Carolina Gamecocks batting - Pitching for UCLA Bruins : RHP Justin Swenson
Batting: SHB Carlos Carrillo 0-0: Swinging Strike
0-1: SINGLE (Groundball, 4D, EV 96.9 MPH)
Batting: SHB Willie Medina 0-0: Called Strike
0-1: Ball
1-1: Ball
2-1: Foul Ball, location: 2F
2-2: Strikes out swinging
Batting: RHB Mike McElroy 0-0: Called Strike
0-1: Foul Ball, location: 2F
0-2: Grounds into double play, 5-4-3 (Groundball, 56, EV 85.0 MPH)
Top of the 5th over - 0 runs, 1 hit, 0 errors, 0 left on base; University of South Carolina 2 - UCLA 1
BOTTOM OF THE 5TH
UCLA Bruins batting - Pitching for University of South Carolina Gamecocks : RHP Angus Brear
Batting: RHB Rusty Trader 0-0: Ball
1-0: DOUBLE (Line Drive, 9LM, EV 112.5 MPH)
Batting: RHB Eddie Serna 0-0: Ball
1-0: Foul Ball, location: 2F
1-1: Called Strike
1-2: Foul Ball, location: 2F
1-2: Strikes out swinging
Batting: LHB Newt Peper 0-0: Called Strike
0-1: Foul Ball, location: 2F
0-2: SINGLE (Groundball, 34S, EV 71.3 MPH) (infield hit)
Rusty Trader to third
Batting: SHB Jay Gagnon 0-0: Ball
Newt Peper is caught stealing 2nd base 2-6
1-0: Foul Ball, location: 2F
1-1: Foul Ball, location: 2F
1-2: Fly out, F4 (Popup, 4, EV 65.6 MPH)
Bottom of the 5th over - 0 runs, 2 hits, 0 errors, 1 left on base; University of South Carolina 2 - UCLA 1
TOP OF THE 6TH
University of South Carolina Gamecocks batting - Pitching for UCLA Bruins : RHP Justin Swenson
Batting: RHB Kevin Harris 0-0: Ball
1-0: Ball
2-0: Called Strike
2-1: Ball
3-1: Called Strike
3-2: Ground out 5-3 (Groundball, 56S, EV 63.1 MPH)
Batting: SHB Isaiah Scates 0-0: Swinging Strike
0-1: Ball
1-1: Called Strike
1-2: Strikes out swinging
Batting: RHB Dave Perron 0-0: Ball
1-0: Ball
2-0: Called Strike
2-1: Foul Ball, location: 2F
2-2: Strikes out swinging
Top of the 6th over - 0 runs, 0 hits, 0 errors, 0 left on base; University of South Carolina 2 - UCLA 1
BOTTOM OF THE 6TH
UCLA Bruins batting - Pitching for University of South Carolina Gamecocks : RHP Angus Brear
Batting: RHB Robby Hickman 0-0: Called Strike
0-1: Ball
1-1: Ball
2-1: Foul Ball, location: 2F
2-2: Foul Ball, location: 2F
2-2: Fly out, F6 (Popup, 6S, EV 73.1 MPH)
Pitching: RHP Rob Fisher
Batting: LHB Chris Jackson 0-0: Called Strike
0-1: Called Strike
0-2: SINGLE (Flyball, 8LS, EV 91.9 MPH)
Batting: RHB Leo Gonzalez 0-0: Called Strike
0-1: Ball
1-1: Ball
2-1: Ball
3-1: Base on Balls
Chris Jackson to second
Batting: RHB German Quiroga 0-0: Swinging Strike
0-1: Ball
1-1: DOUBLE (Line Drive, 7LM, EV 98.1 MPH)
Chris Jackson scores
Leo Gonzalez to third
Runner from 3rd tries for Home, SAFE, throw by LF to home
Batting: RHB Steve Errico 0-0: Foul Ball, location: 2F
0-1: Ball
1-1: SINGLE (Line Drive, 56D, EV 101.9 MPH)
German Quiroga to third
Batting: RHB Rusty Trader 0-0: Ball
1-0: Swinging Strike
1-1: Swinging Strike
1-2: Strikes out looking
Batting: RHB Eddie Serna 0-0: Fly out, F6 (Popup, 6M, EV 78.1 MPH)
Bottom of the 6th over - 2 runs, 3 hits, 0 errors, 2 left on base; University of South Carolina 2 - UCLA 3
TOP OF THE 7TH
University of South Carolina Gamecocks batting - Pitching for UCLA Bruins : RHP Justin Swenson
Pitching: RHP Daniel Boulter
Batting: RHB Drew Coleman 0-0: Swinging Strike
0-1: Swinging Strike
0-2: Foul Ball, location: 2F
0-2: Fly out, F7 (Line Drive, 7D, EV 93.8 MPH)
Batting: RHB Adam Bourg 0-0: Ground out 6-3 (Groundball, 6, EV 96.3 MPH)
Batting: RHB Chris Arroyo 0-0: Swinging Strike
0-1: Swinging Strike
0-2: Fly out, F7 (Flyball, 7LD, EV 95.6 MPH)
Top of the 7th over - 0 runs, 0 hits, 0 errors, 0 left on base; University of South Carolina 2 - UCLA 3
BOTTOM OF THE 7TH
UCLA Bruins batting - Pitching for University of South Carolina Gamecocks : RHP Rob Fisher
Batting: LHB Newt Peper 0-0: Ball
1-0: Foul Ball, location: 2F
1-1: Ball
2-1: Foul Ball, location: 2F
2-2: Strikes out swinging
Batting: SHB Jay Gagnon 0-0: Ground out 4-3 (Groundball, 4M, EV 105.6 MPH)
Batting: RHB Robby Hickman 0-0: Called Strike
0-1: Foul Ball, location: 2F
0-2: Strikes out swinging
Bottom of the 7th over - 0 runs, 0 hits, 0 errors, 0 left on base; University of South Carolina 2 - UCLA 3
TOP OF THE 8TH
University of South Carolina Gamecocks batting - Pitching for UCLA Bruins : RHP Daniel Boulter
Batting: SHB Carlos Carrillo 0-0: SINGLE (Groundball, 6MD, EV 96.9 MPH)
Batting: SHB Willie Medina 0-0: Bunt - Flyout to 23! F3
Batting: RHB Mike McElroy 0-0: Called Strike
0-1: Ball
1-1: SINGLE (Line Drive, 56D, EV 102.5 MPH)
Carlos Carrillo to second
Batting: RHB Kevin Harris 0-0: Fielders Choice at 2nd, 2-4 (Groundball, 2L, EV 62.5 MPH)
Carlos Carrillo to third
Batting: SHB Isaiah Scates 0-0: Called Strike
0-1: Ball
1-1: Foul Ball, location: 2F
1-2: Ball
2-2: Foul Ball, location: 2F
2-2: Foul Ball, location: 2F
2-2: Foul Ball, location: 2F
2-2: Ball
3-2: Foul Ball, location: 2F
3-2: 3-RUN HOME RUN (Flyball, 7D, EV 102.5 MPH), Distance : 381 ft
Pitching: RHP Xavier Mosley
Batting: RHB Dave Perron 0-0: Swinging Strike
0-1: Ball
1-1: Foul Ball, location: 2F
1-2: Ball
2-2: Ball
3-2: Fly out, F6 (Popup, 6, EV 76.9 MPH)
Top of the 8th over - 3 runs, 3 hits, 0 errors, 0 left on base; University of South Carolina 5 - UCLA 3
BOTTOM OF THE 8TH
UCLA Bruins batting - Pitching for University of South Carolina Gamecocks : RHP Rob Fisher
Batting: LHB Chris Jackson 0-0: Fly out, F4 (Popup, 4, EV 68.1 MPH)
Batting: RHB Leo Gonzalez 0-0: Called Strike
0-1: Foul Ball, location: 2F
0-2: Ball
1-2: Foul Ball, location: 2F
1-2: Foul Ball, location: 2F
1-2: Ball
2-2: Ball
3-2: Hit by Pitch
Batting: RHB German Quiroga 0-0: Ball
1-0: Called Strike
1-1: DOUBLE (Line Drive, 7D, EV 99.4 MPH)
Leo Gonzalez to third
Pitching: RHP Efrain Diaz
Batting: RHB Steve Errico 0-0: Called Strike
0-1: Ball
1-1: Foul Ball, location: 2F
1-2: Ball
2-2: Foul Ball, location: 2F
2-2: Ball
3-2: Fly out, F5 (Line Drive, 5, EV 62.5 MPH)
Pinch Hitting: LHB Tony Leyba 0-0: Called Strike
0-1: Ball
1-1: Ball
2-1: 3-RUN HOME RUN (Flyball, 9D, EV 96.3 MPH), Distance : 361 ft
Batting: RHB Eddie Serna 0-0: DOUBLE (Line Drive, 7LM, EV 106.9 MPH)
Batting: LHB Newt Peper 0-0: Ball
1-0: SINGLE (Line Drive, 7S, EV 103.8 MPH)
Eddie Serna to third
Batting: SHB Jay Gagnon 0-0: Ball
1-0: Swinging Strike
1-1: Foul Ball, location: 2F
1-2: Ball
2-2: Strikes out looking
Bottom of the 8th over - 3 runs, 4 hits, 0 errors, 2 left on base; University of South Carolina 5 - UCLA 6
TOP OF THE 9TH
University of South Carolina Gamecocks batting - Pitching for UCLA Bruins : RHP Xavier Mosley
Now in RF: Lorenzo Diaz
Batting: RHB Drew Coleman 0-0: Ball
1-0: Ball
2-0: Ground out 1-3 (Groundball, 15S, EV 68.8 MPH)
Batting: RHB Adam Bourg 0-0: Ball
1-0: Ball
2-0: SINGLE (Groundball, 34, EV 96.3 MPH)
Pinch Hitting: RHB Tylor Cyr 0-0: Foul Ball, location: 2F
0-1: Ball
1-1: Ball
2-1: Foul Ball, location: 2F
2-2: Ball
3-2: Strikes out swinging
Pinch Hitting: RHB Kevin Popowicz 0-0: Ball
1-0: Foul Ball, location: 2F
1-1: Ground out 4-3 (Groundball, 13, EV 80.0 MPH)
Top of the 9th over - 0 runs, 1 hit, 0 errors, 1 left on base; University of South Carolina 5 - UCLA 6
Thursday, March 31st , 2022 - OOTP Baseball 22.12 Build 89